IL
ROCHESTER RED WINGS @ SCRANTON WB RAILRIDERS
05/14/2098
 
TOP OF THE 1ST
Rochester Red Wings batting - Pitching for Scranton WB RailRiders : RHP Bobby Kimble
Pitching: RHP Bobby Kimble
Batting: RHB Matt McElhose 0-0: Ball
1-0: Ball
2-0: Called Strike
2-1: Ball
3-1: Foul Ball, location: 5DF
3-2: Ground out 6-3 (Groundball, 6M, EV 98.1 MPH)
Batting: SHB Marc Sakkal 0-0: Foul Ball, location: 3DF
0-1: Ball
1-1: DOUBLE (Flyball, 8RXD, EV 103.8 MPH)
Batting: RHB Danny Strickland 0-0: Ball
1-0: Ball
2-0: Foul Ball, location: 2F
2-1: Foul Ball, location: 2F
2-2: Ball
3-2: Strikes out swinging
Batting: RHB Eric Harrell 0-0: Ball
1-0: SINGLE (Flyball, 6D, EV 85.6 MPH)
Marc Sakkal to third
Runner from 3rd tries for Home, SAFE, throw by LF to home
Batting: SHB Jimmy Dressler 0-0: Ball
1-0: Ball
Eric Harrell steals 2nd base
2-0: Fly out, F8 (Flyball, 89M, EV 95.0 MPH)
Top of the 1st over - 1 run, 2 hits, 0 errors, 1 left on base; Rochester 1 - Scranton WB 0
BOTTOM OF THE 1ST
Scranton WB RailRiders batting - Pitching for Rochester Red Wings : RHP Edwin Pereira
Pitching: RHP Edwin Pereira
Batting: RHB Carlos Jeronimo 0-0: Ball
1-0: Called Strike
1-1: Swinging Strike
1-2: Foul Ball, location: 2F
1-2: Ball
2-2: Foul Ball, location: 2F
2-2: Strikes out looking
Batting: RHB Nate Anglin 0-0: Called Strike
0-1: Ball
1-1: Called Strike
1-2: Strikes out swinging
Batting: RHB Jared Brown 0-0: Ball
1-0: SINGLE (Groundball, 34D, EV 106.3 MPH)
Batting: RHB Sam Sokol 0-0: Ball
1-0: Called Strike
Jared Brown is caught stealing 2nd base 2-4
Bottom of the 1st over - 0 runs, 1 hit, 0 errors, 0 left on base; Rochester 1 - Scranton WB 0
TOP OF THE 2ND
Rochester Red Wings batting - Pitching for Scranton WB RailRiders : RHP Bobby Kimble
Batting: RHB Donovan Washington 0-0: Called Strike
0-1: SINGLE (Groundball, 6MD, EV 98.1 MPH)
Batting: RHB Justin Bradshaw 0-0: Fielders Choice at 2nd, 4-6 (Groundball, 4, EV 96.9 MPH)
Batting: RHB Eddie Pizana 0-0: SINGLE (Groundball, 5D, EV 85.6 MPH) (infield hit)
Justin Bradshaw to second
Batting: RHB Kasey Ramos 0-0: Ball
1-0: Called Strike
1-1: Foul Ball, location: 23F
1-2: Ball
2-2: Strikes out looking
Batting: RHB Matt McElhose 0-0: Ball
1-0: Called Strike
1-1: Foul Ball, location: 2F
1-2: Ball
2-2: Ball
3-2: Ground out 6-3 (Groundball, 6M, EV 89.4 MPH)
Top of the 2nd over - 0 runs, 2 hits, 0 errors, 2 left on base; Rochester 1 - Scranton WB 0
BOTTOM OF THE 2ND
Scranton WB RailRiders batting - Pitching for Rochester Red Wings : RHP Edwin Pereira
Batting: RHB Sam Sokol 0-0: Ball
1-0: Ball
2-0: Foul Ball, location: 2F
2-1: Swinging Strike
2-2: Foul Ball, location: 7LSF
2-2: Strikes out swinging
Batting: LHB Dustin Spears 0-0: DOUBLE (Line Drive, 78D, EV 102.5 MPH)
Batting: SHB Chris Olsen 0-0: Foul Ball, location: 7LMF
0-1: Swinging Strike
0-2: Ball
1-2: Fly out, F2 (Popup, 25F, EV 88.8 MPH)
Batting: LHB David Adler 0-0: Ball
1-0: Foul Ball, location: 7LSF
1-1: Called Strike
1-2: Single, Error in OF, E9, batter to second base (Flyball, 3D, EV 93.8 MPH)
Dustin Spears scores
Batting: LHB Jesus Canales 0-0: 2-RUN HOME RUN (Flyball, 9LD, EV 90.0 MPH), Distance : 343 ft
Batting: RHB Rich Ruiz 0-0: Ball
1-0: Ball
2-0: Fly out, F7 (Flyball, 78S, EV 91.3 MPH)
Bottom of the 2nd over - 3 runs, 3 hits, 1 error, 0 left on base; Rochester 1 - Scranton WB 3
TOP OF THE 3RD
Rochester Red Wings batting - Pitching for Scranton WB RailRiders : RHP Bobby Kimble
Batting: SHB Marc Sakkal 0-0: Called Strike
0-1: Ball
1-1: Ball
2-1: Ground out 1-3 (Groundball, P, EV 61.9 MPH)
Batting: RHB Danny Strickland 0-0: Called Strike
0-1: Ball
1-1: Foul Ball, location: 2F
1-2: Strikes out looking
Batting: RHB Eric Harrell 0-0: Called Strike
0-1: Foul Ball, location: 2F
0-2: Fly out, F9 (Flyball, 9S, EV 87.5 MPH)
Top of the 3rd over - 0 runs, 0 hits, 0 errors, 0 left on base; Rochester 1 - Scranton WB 3
BOTTOM OF THE 3RD
Scranton WB RailRiders batting - Pitching for Rochester Red Wings : RHP Edwin Pereira
Batting: RHB Carlos Jeronimo 0-0: Ball
1-0: Ball
2-0: Ball
3-0: Called Strike
3-1: Base on Balls
Batting: RHB Nate Anglin 0-0: Fly out, F4 (Line Drive, 4MD, EV 95.0 MPH)
Batting: RHB Jared Brown 0-0: SINGLE (Line Drive, 89S, EV 107.5 MPH)
Carlos Jeronimo to second
Batting: RHB Sam Sokol 0-0: Ball
1-0: Called Strike
1-1: Ball
2-1: Swinging Strike
2-2: Ball
3-2: Strikes out swinging
Batting: LHB Dustin Spears 0-0: Called Strike
0-1: Foul Ball, location: 3F
0-2: Ball
1-2: Ball
2-2: Strikes out swinging
Bottom of the 3rd over - 0 runs, 1 hit, 0 errors, 2 left on base; Rochester 1 - Scranton WB 3
TOP OF THE 4TH
Rochester Red Wings batting - Pitching for Scranton WB RailRiders : RHP Bobby Kimble
Batting: SHB Jimmy Dressler 0-0: Called Strike
0-1: Called Strike
0-2: Ball
1-2: Strikes out swinging
Batting: RHB Donovan Washington 0-0: Ball
1-0: Ball
2-0: Called Strike
2-1: Swinging Strike
2-2: Ground out 6-3 (Groundball, 6, EV 109.4 MPH)
Batting: RHB Justin Bradshaw 0-0: Ball
1-0: Ball
2-0: SINGLE (Groundball, 4MD, EV 98.1 MPH)
Batting: RHB Eddie Pizana 0-0: Called Strike
0-1: DOUBLE (Line Drive, 9LS, EV 102.5 MPH)
Justin Bradshaw to third
Runner from 3rd tries for Home, SAFE, throw by RF to trailing runner, SAFE at third!
Batting: RHB Kasey Ramos 0-0: Ball
1-0: SINGLE (Groundball, 6, EV 84.4 MPH) (infield hit)
Eddie Pizana scores
Batting: RHB Matt McElhose 0-0: Ball
1-0: SINGLE (Groundball, 34D, EV 100.6 MPH)
Kasey Ramos to second
Runner from 2nd tries for 3rd, SAFE, throw by RF made to third
Batting: SHB Marc Sakkal 0-0: Fly out, F9 (Flyball, 9, EV 93.8 MPH)
Top of the 4th over - 2 runs, 4 hits, 0 errors, 2 left on base; Rochester 3 - Scranton WB 3
BOTTOM OF THE 4TH
Scranton WB RailRiders batting - Pitching for Rochester Red Wings : RHP Edwin Pereira
Batting: SHB Chris Olsen 0-0: Called Strike
0-1: Foul Ball, location: 3F
0-2: Ground out 6-3 (Groundball, 6S, EV 80.6 MPH)
Batting: LHB David Adler 0-0: Ball
1-0: Called Strike
1-1: Foul Ball, location: 2F
1-2: Strikes out swinging
Batting: LHB Jesus Canales 0-0: Called Strike
0-1: Called Strike
0-2: Ball
1-2: Ball
2-2: Foul Ball, location: 5DF
2-2: Strikes out swinging
Bottom of the 4th over - 0 runs, 0 hits, 0 errors, 0 left on base; Rochester 3 - Scranton WB 3
TOP OF THE 5TH
Rochester Red Wings batting - Pitching for Scranton WB RailRiders : RHP Bobby Kimble
Batting: RHB Danny Strickland 0-0: Called Strike
0-1: Foul Ball, location: 5FF
0-2: Strikes out swinging
Batting: RHB Eric Harrell 0-0: Fly out, F9 (Line Drive, 9, EV 96.9 MPH)
Batting: SHB Jimmy Dressler 0-0: Fly out, F7 (Flyball, 7, EV 88.1 MPH)
Top of the 5th over - 0 runs, 0 hits, 0 errors, 0 left on base; Rochester 3 - Scranton WB 3
BOTTOM OF THE 5TH
Scranton WB RailRiders batting - Pitching for Rochester Red Wings : RHP Edwin Pereira
Batting: RHB Rich Ruiz 0-0: Swinging Strike
0-1: Called Strike
0-2: Foul Ball, location: 3F
0-2: Ground out 5-3 (Groundball, 56, EV 82.5 MPH)
Batting: RHB Carlos Jeronimo 0-0: Swinging Strike
0-1: Swinging Strike
0-2: Ball
1-2: Strikes out swinging
Batting: RHB Nate Anglin 0-0: SINGLE (Groundball, P, EV 92.5 MPH) (infield hit)
Batting: RHB Jared Brown 0-0: Ball
1-0: Ball
2-0: Foul Ball, location: 9LSF
2-1: Ball
3-1: Fly out, F3 (Line Drive, 3L, EV 67.5 MPH)
Bottom of the 5th over - 0 runs, 1 hit, 0 errors, 1 left on base; Rochester 3 - Scranton WB 3
TOP OF THE 6TH
Rochester Red Wings batting - Pitching for Scranton WB RailRiders : RHP Bobby Kimble
Batting: RHB Donovan Washington 0-0: Foul Ball, location: 2RF
0-1: Foul Ball, location: 2F
0-2: Strikes out swinging
Batting: RHB Justin Bradshaw 0-0: Ball
1-0: Swinging Strike
1-1: Swinging Strike
1-2: Strikes out swinging
Batting: RHB Eddie Pizana 0-0: Called Strike
0-1: Foul Ball, location: 23F
0-2: Ball
1-2: Fly out, F5 (Line Drive, 5, EV 72.5 MPH)
Top of the 6th over - 0 runs, 0 hits, 0 errors, 0 left on base; Rochester 3 - Scranton WB 3
BOTTOM OF THE 6TH
Scranton WB RailRiders batting - Pitching for Rochester Red Wings : RHP Edwin Pereira
Batting: RHB Sam Sokol 0-0: Ball
1-0: Fly out, F8 (Flyball, 78M, EV 91.3 MPH)
Batting: LHB Dustin Spears 0-0: Ball
1-0: Foul Ball, location: 2F
1-1: Ball
2-1: Foul Ball, location: 7LMF
2-2: Ground out 4-3 (Groundball, 4D, EV 99.4 MPH)
Batting: SHB Chris Olsen 0-0: Foul Ball, location: 2F
0-1: Ground out 1-3 (Groundball, 15S, EV 67.5 MPH)
Bottom of the 6th over - 0 runs, 0 hits, 0 errors, 0 left on base; Rochester 3 - Scranton WB 3
TOP OF THE 7TH
Rochester Red Wings batting - Pitching for Scranton WB RailRiders : RHP Bobby Kimble
Batting: RHB Kasey Ramos 0-0: Ball
1-0: Ball
2-0: Called Strike
2-1: Foul Ball, location: 5SF
2-2: Ball
3-2: Foul Ball, location: 9LSF
3-2: Base on Balls
Batting: RHB Matt McElhose 0-0: Swinging Strike
0-1: Ball
1-1: Called Strike
1-2: Foul Ball, location: 9LSF
1-2: Strikes out swinging
Batting: SHB Marc Sakkal 0-0: SINGLE (Groundball, 56, EV 107.5 MPH)
Kasey Ramos to second
Batting: RHB Danny Strickland 0-0: Ball
1-0: Fielders Choice at 2nd, 5-4 (Groundball, 56, EV 97.5 MPH)
Kasey Ramos to third
Batting: RHB Eric Harrell 0-0: Swinging Strike
0-1: Called Strike
0-2: Strikes out looking
Top of the 7th over - 0 runs, 1 hit, 0 errors, 2 left on base; Rochester 3 - Scranton WB 3
BOTTOM OF THE 7TH
Scranton WB RailRiders batting - Pitching for Rochester Red Wings : RHP Edwin Pereira
Batting: LHB David Adler 0-0: Called Strike
0-1: Called Strike
0-2: Foul Ball, location: 7LMF
0-2: Strikes out swinging
Batting: LHB Jesus Canales 0-0: Ball
1-0: Ball
2-0: Foul Ball, location: 2F
2-1: Ball
3-1: Foul Ball, location: 3F
3-2: Strikes out swinging
Batting: RHB Rich Ruiz 0-0: Ball
1-0: Ball
2-0: Fly out, F8 (Flyball, 8LXD, EV 97.5 MPH)
Bottom of the 7th over - 0 runs, 0 hits, 0 errors, 0 left on base; Rochester 3 - Scranton WB 3
TOP OF THE 8TH
Rochester Red Wings batting - Pitching for Scranton WB RailRiders : RHP Bobby Kimble
Batting: SHB Jimmy Dressler 0-0: Ball
1-0: Called Strike
1-1: Ball
2-1: Called Strike
2-2: SINGLE (Line Drive, 8RS, EV 91.9 MPH)
Batting: RHB Donovan Washington 0-0: Ball
Jimmy Dressler steals 2nd base
1-0: Ball
2-0: Called Strike
2-1: Ground out 6-3 (Groundball, P, EV 85.0 MPH)
Jimmy Dressler to third
Batting: RHB Justin Bradshaw 0-0: Ball
1-0: Foul Ball, location: 5F
1-1: SINGLE (Line Drive, 8RS, EV 102.5 MPH)
Jimmy Dressler scores
Pitching: RHP Kevon Cooper
Batting: RHB Eddie Pizana 0-0: Fly out, F7 (Flyball, 78M, EV 95.6 MPH)
Batting: RHB Kasey Ramos 0-0: Ball
1-0: Ball
2-0: Fly out, F8 (Flyball, 8RXD, EV 95.0 MPH)
Top of the 8th over - 1 run, 2 hits, 0 errors, 1 left on base; Rochester 4 - Scranton WB 3
BOTTOM OF THE 8TH
Scranton WB RailRiders batting - Pitching for Rochester Red Wings : RHP Edwin Pereira
Batting: RHB Carlos Jeronimo 0-0: Called Strike
0-1: Ball
1-1: Ball
2-1: Ground out U3 (Groundball, 3, EV 81.9 MPH)
Batting: LHB Ricky Delgado 0-0: Foul Ball, location: 2F
0-1: Ball
1-1: Foul Ball, location: 9LMF
1-2: Strikes out looking
Batting: RHB Jared Brown 0-0: Ball
1-0: Ball
2-0: Swinging Strike
2-1: SOLO HOME RUN (Flyball, 7LD, EV 98.8 MPH), Distance : 356 ft
Batting: RHB Sam Sokol 0-0: Ball
1-0: Ground out 6-3 (Groundball, 6, EV 85.0 MPH)
Bottom of the 8th over - 1 run, 1 hit, 0 errors, 0 left on base; Rochester 4 - Scranton WB 4
TOP OF THE 9TH
Rochester Red Wings batting - Pitching for Scranton WB RailRiders : RHP Kevon Cooper
Batting: RHB Matt McElhose 0-0: Ball
1-0: Called Strike
1-1: Reached on error, E6 (Groundball, 56, EV 83.8 MPH)
Batting: SHB Marc Sakkal 0-0: Intentional Walk
Batting: RHB Danny Strickland 0-0: Grounds into double play, 5-4-3 (Groundball, 56, EV 105.0 MPH)
Matt McElhose to third
Batting: RHB Eric Harrell 0-0: Ball
1-0: Ball
2-0: Foul Ball, location: 7LMF
2-1: Ball
3-1: Foul Ball, location: 9LDF
3-2: Foul Ball, location: 9LSF
3-2: Foul Ball, location: 9LDF
3-2: 2-RUN HOME RUN (Flyball, 9D, EV 105.0 MPH), Distance : 380 ft
Batting: SHB Jimmy Dressler 0-0: Ground out U3 (Groundball, 3, EV 77.5 MPH)
Top of the 9th over - 2 runs, 1 hit, 1 error, 0 left on base; Rochester 6 - Scranton WB 4
BOTTOM OF THE 9TH
Scranton WB RailRiders batting - Pitching for Rochester Red Wings : RHP Edwin Pereira
Now in RF: Roy Parks
Batting: LHB Dustin Spears 0-0: Called Strike
0-1: Foul Ball, location: 5FF
0-2: Foul Ball, location: 2F
0-2: Ground out 5-3 (Groundball, 5, EV 101.9 MPH)
Batting: SHB Chris Olsen 0-0: Swinging Strike
0-1: Ball
1-1: Ball
2-1: Fly out, F7 (Line Drive, 7, EV 94.4 MPH)
Batting: LHB David Adler 0-0: Ball
1-0: Foul Ball, location: 2F
1-1: Called Strike
1-2: Strikes out looking
Bottom of the 9th over - 0 runs, 0 hits, 0 errors, 0 left on base; Rochester 6 - Scranton WB 4
Thursday, April 4th , 2024 - OOTP Baseball 24.11 Build 85